 Dungeon Crawl Stone Soup version 0.31-a0-1074-g0b22e4e0f1 (webtiles) character file.

Game seed: 6571219372113241825

753 Curundu the Chopper (level 7, -7/60 HPs)
             Began as a Red Draconian Berserker on Dec 6, 2023.
             Was an Elder of Trog.
             Splashed by a jelly's acid (8 damage)
             ... on level 6 of the Dungeon.
             The game lasted 00:27:40 (4338 turns).

Curundu the Chopper (Red Draconian Berserker)       Turns: 4338, Time: 00:27:42

Health: -7/60      AC: -6    Str: 19    XL:     7   Next: 49%
Magic:  7/7        EV: 10    Int:  7    God:    Trog [****..]
Gold:   211        SH: 13    Dex: 13    Spells: 6/6 levels left

rFire   + . .        n - +3 dagger (speed)
rCold   + . .        l - +0 tower shield
rNeg    . . .        (body armour unavailable)
rPois   +            (helmet restricted)
rElec   .            (no cloak)
rCorr   .            (no gloves)
SInv    .            (no boots)
Will    .....        b - amulet of regeneration
Stlth   +            k - ring of protection from cold
HPRegen 1.10/turn    t - ring of poison resistance
MPRegen 0.10/turn

%: no passive effects
@: corroded
A: breathe fire, AC +6, unfitting armour, fire resistance 1, cold-blooded
a: Breathe Fire, Renounce Religion, Berserk, Trog's Hand, Brothers in Arms


You were on level 6 of the Dungeon.
You worshipped Trog.
Trog was greatly pleased with you.
You visited 1 branch of the dungeon, and saw 6 of its levels.

You collected 211 gold pieces.

Inventory:

Hand Weapons
 a - a +0 hand axe
 n - a +3 dagger of speed (weapon)
 o - a +5 arbalest of flaming
Missiles
 d - 41 stones
 i - 6 poisoned darts
 j - 16 boomerangs
Armour
 l - a +0 tower shield (worn)
 m - a +0 pair of gloves
Jewellery
 b - an amulet of regeneration (around neck)
 k - a ring of protection from cold (left hand)
 t - a ring of poison resistance (right hand)
Scrolls
 g - 3 scrolls of noise
 p - a scroll of amnesia {unknown}
 r - 2 scrolls of revelation
 s - a scroll of poison {unknown}
Potions
 c - a potion of attraction {unknown}
 f - 2 potions of brilliance
 h - 3 potions of curing {unknown}
 q - 2 potions of lignification {unknown}
 v - a potion of magic {unknown}


   Skills:
 + Level 4.7 Fighting
 + Level 2.7 Short Blades
 + Level 4.7 Axes
 + Level 1.0 Throwing
 + Level 4.4 Dodging
 + Level 0.6 Stealth
 + Level 3.9 Shields


You had 6 spell levels left.
You didn't know any spells.
Your spell library contained the following spells:

 Spells                   Type           Power      Damage    Failure   Level
 Summon Small Mammal      Summ           0%         N/A       98%         1
 Ensorcelled Hibernation  Hex/Ice        0%         N/A       99%         2
 Passwall                 Tmut/Erth      0%         N/A       99%         2
 Call Canine Familiar     Summ           0%         N/A       100%        3
 Summon Guardian Golem    Hex/Summ       0%         N/A       100%        3
 Swiftness                Air            0%         N/A       100%        3


Dungeon Overview and Level Annotations

Branches:
Dungeon (6/15)
 Temple: D:4-7

Altars:
Kikubaaqudgha
The Shining One


Innate Abilities, Weirdness & Mutations

You can breathe blasts of fire.
Your fiery red scales are hard. (AC +6)
You cannot fit into any form of body armour.
Your flesh is heat resistant. (rF+)
You are cold-blooded and may be slowed by cold attacks.


Message History

* * * LOW HITPOINT WARNING * * *
The acid corrodes you!
You are splashed with acid.
* * * LOW HITPOINT WARNING * * *
You hit the jelly but do no damage.
Your hands burn!
* * * LOW HITPOINT WARNING * * *
The jelly is severely wounded.
The jelly hits you.
* * * LOW HITPOINT WARNING * * *
The acid corrodes you!
You are splashed with acid!
* * * LOW HITPOINT WARNING * * *
You feel much better. The jelly hits you.
You are splashed with acid!
You hit the jelly but do no damage.
Your hands burn!
* * * LOW HITPOINT WARNING * * *
You tail-slap the jelly, but do no damage.
The jelly is severely wounded.
You block the jelly's attack.
You hit the jelly but do no damage. The acid corrodes you!
Your hands burn!
* * * LOW HITPOINT WARNING * * *
You tail-slap the jelly, but do no damage.
The jelly is severely wounded.
You block the jelly's attack.
You hit the jelly but do no damage.
Your hands burn!
* * * LOW HITPOINT WARNING * * *
You tail-slap the jelly, but do no damage.
The jelly is severely wounded.
The jelly closely misses you.
You hit the jelly but do no damage.
Your hands burn!
* * * LOW HITPOINT WARNING * * *
The jelly is severely wounded.
You block the jelly's attack.
You hit the jelly but do no damage.
Your hands burn!
* * * LOW HITPOINT WARNING * * *
The jelly is severely wounded.
You hit the jelly but do no damage.
Your hands burn!
* * * LOW HITPOINT WARNING * * *
The jelly is severely wounded.
The jelly hits you.
* * * LOW HITPOINT WARNING * * *
The acid corrodes you!
You are splashed with acid!
You die...

.# .# .. ##.##
?J.. # #.. #.#
#...#..#####..!.#
#.......J@†.....#
#...#......####..
# #..##### ...[.
#####


You could see a jelly.

Vanquished Creatures
  A water moccasin (D:6)
  An ice beast (D:6)
  A bullfrog (D:5)
  2 jellies (D:5)
  2 orc priests (D:3)
  3 hounds
  An iguana (D:4)
  A sleepcap (D:4)
  An orc wizard (D:5)
  8 adders
  2 ufetubi (D:5)
  2 worms (D:4)
  A dart slug (D:5)
  13 orcs
  9 endoplasms
  3 giant cockroaches
  15 goblins
  10 hobgoblins
  8 jackals
  3 quokkas (D:4)
  7 ball pythons
  3 bats
  9 frilled lizards
  9 kobolds
  3 rats
118 creatures vanquished.

Vanquished Creatures (others)
  A human (D:5)
1 creature vanquished.

Grand Total: 119 creatures vanquished

Notes
Turn   | Place    | Note
-------+----------+-------------------------------------------
     0 | D:1      | Curundu the Draconian Berserker began the quest for the
                  | Orb.
     0 | D:1      | Reached XP level 1. HP: 19/19 MP: 1/1
   153 | D:1      | Reached XP level 2. HP: 22/26 MP: 2/2
   532 | D:1      | Reached ** piety under Trog
   567 | D:1      | Reached XP level 3. HP: 33/33 MP: 3/3
  1647 | D:2      | Found a glowing golden altar of the Shining One.
  1839 | D:3      | Reached XP level 4. HP: 40/40 MP: 4/4
  2053 | D:3      | Reached *** piety under Trog
  2074 | D:3      | Reached XP level 5. HP: 21/46 MP: 5/5
  2425 | D:4      | Reached skill level 1 in Shields
  2587 | D:4      | Reached skill level 1 in Short Blades
  3029 | D:4      | Reached XP level 6. HP: 52/52 MP: 6/6
  3632 | D:5      | Entered Level 5 of the Dungeon
  3695 | D:5      | Found an ancient bone altar of Kikubaaqudgha.
  3698 | D:5      | Noticed a human
  3700 | D:5      | Killed a human
  4184 | D:5      | Reached **** piety under Trog
  4185 | D:5      | Your scales start taking on a fiery red colour.
  4185 | D:5      | Reached XP level 7. HP: 56/60 MP: 7/7
  4185 | D:5      | Gained mutation: Your flesh is heat resistant. (rF+) [Red
                  | Draconian growth]
  4326 | D:6      | Reached skill level 1 in Throwing
  4331 | D:6      | HP: 1/60 [acid (8)]
  4338 | D:6      | HP: 3/60 [acid (4)]
  4338 | D:6      | HP: 1/60 [jelly (3)]
  4338 | D:6      | Splashed by a jelly's acid

Illustrated notes

Levels and vault maps discovered:
D:1:      evilmike_arrival_crescent, layout_loops_ring,
          chequers_serial_rivers_micro_e
D:2:      layout_basic, basic_altar, lemuel_flame_loot_1
D:3:      cheibrodos_greedy_goblins, layout_rooms, minmay_checkerbox
D:4:      layout_gridville
D:5:      layout_basic, tgw_kikubaaqudgha, minmay_strange_pillars
D:6:      layout_rooms, serial_park_tiny_1, nrook_mini_backslash

Skill      XL: |  1  2  3  4  5  6  7 |
---------------+----------------------+-----
Dodging        | 3 4 |  4.4
Axes           | 4 |  4.7
Fighting       | 4 |  4.7
Shields        | 1 3 |  3.9
Short Blades   | 1 2 |  2.7
Throwing       | 1 |  1.0
Stealth        | |  0.6

Action                     |  1- 3 |  4- 6 |  7- 9 || total
---------------------------+-------+-------+-------++-------
  Melee: Hand axe          |   112 |     5 |       ||   117
         Tailslap          |     8 |    45 |    11 ||    64
         Punch             |     4 |       |       ||     4
         Dagger            |       |   299 |    48 ||   347
  Throw: Boomerang         |     2 |    14 |     4 ||    20
Ability: Breathe Fire      |       |       |     2 ||     2
    Use: Potion            |       |     2 |     1 ||     3
         Scroll            |       |     6 |     1 ||     7
 Armour: Skin              |    78 |   149 |    36 ||   263
  Dodge: Dodged            |    97 |   101 |    30 ||   228
  Block: Tower shield      |     7 |   209 |    44 ||   260

Table legend: (Time is in decaauts)
 A = Elapsed time spent in this place.
 B = Non-inter-level travel time spent in this place.
 C = Inter-level travel time spent in this place.
 D = Time resting spent in this place.
 E = Time spent auto-exploring this place.
 F = Levels seen in this place.
 G = Mean time per level.
                   A        B        C        D        E       F      G
               +--------+--------+--------+--------+--------+-----+--------+
         Total |   4362 |   4362 |      0 |    181 |      0 |   6 |  727.0 |
       Dungeon |   4362 |   4362 |      0 |    181 |      0 |   6 |  727.0 |
               +--------+--------+--------+--------+--------+-----+--------+

Top non-repeatable levels by time:
     D:4: 1211 daAuts
     D:2: 1011 daAuts
     D:1: 742 daAuts
     D:3: 695 daAuts
     D:5: 654 daAuts
     D:6: 47 daAuts
